 Dungeon Crawl Stone Soup version 0.20.1-1-g8b1a95d (webtiles) character file.

2039 FollowTheCloud the Reanimator (level 9, 0/68 HPs)
             Began as a Demonspawn Necromancer on Aug 26, 2017.
             Slain by a killer bee (1 damage)
             ... on level 7 of the Dungeon.
             The game lasted 00:18:17 (6775 turns).

FollowTheCloud the Reanimator (DsNe)                Turns: 6775, Time: 00:18:18

Health: 0/68       AC:  5    Str: 13    XL:     9   Next: 4%
Magic:  12/17      EV: 15    Int: 20    God:
Gold:   439        SH:  0    Dex: 13    Spells: 11/19 levels left

rFire    . . .     SeeInvis .   r - +2 dagger (distort)
rCold    . . .     Gourm    .   (no shield)
rNeg     + . .     Faith    .   a - +0 robe
rPois    .         Spirit   .   (helmet unavailable)
rElec    .         Reflect  .   (no cloak)
rCorr    .         Harm     .   k - +0 pair of gloves
MR       .....                  (no boots)
Stlth    ++........             y - amulet of rage
Regen    0.3/turn               w - ring of positive energy
MPRegen  0.2/turn               d - +4 ring of strength

@: no status effects
A: horns 3, molten scales 1, powered by death 1, rot immunity
a: Evoke Berserk Rage


You were on level 7 of the Dungeon.
You were not hungry.

You visited 2 branches of the dungeon, and saw 8 of its levels.

You collected 439 gold pieces.

Inventory:

Hand Weapons
 r - a +2 dagger of distortion (weapon)
 D - the +2 hand axe of Expedience {drain, rC++ MP-9 Dex+3 Stlth+, unknown}
   (You found it on level 5 of the Dungeon)

   A truly terrible weapon, it drains the life of those it strikes.
   It affects your dexterity (+3).
   It greatly protects you from cold.
   It affects your magic capacity (-9).
   It makes you more stealthy.
Armour
 a - a +0 robe (worn)
 k - a +0 pair of gloves (worn)
Jewellery
 d - a +4 ring of strength (right hand)
 u - a +3 ring of evasion
 w - a ring of positive energy (left hand)
 y - an amulet of rage (around neck)
Wands
 p - a wand of polymorph (18/24)
 x - a wand of digging (17/24)
 H - a wand of lightning (11/15)
Scrolls
 g - 2 scrolls of magic mapping {unknown}
 i - 6 scrolls of remove curse
 j - 5 scrolls of identify {unknown}
 o - 2 scrolls of fear {unknown}
 q - 3 scrolls of enchant armour {unknown}
 s - 3 scrolls of recharging {unknown}
 B - 2 scrolls of teleportation {unknown}
 C - a scroll of random uselessness {unknown}
 E - a scroll of silence {unknown}
 F - a scroll of immolation {unknown}
 I - a scroll of vulnerability {unknown}
Potions
 e - a potion of flight {unknown}
 f - 3 potions of berserk rage {unknown}
 h - 3 potions of might {unknown}
 l - a potion of magic {unknown}
 t - 2 potions of curing
 v - a potion of invisibility {unknown}
 z - 2 potions of heal wounds {unknown}
 A - 2 potions of lignification {unknown}
Books
 b - a book of Necromancy

   Spells                             Type                      Level
   a - Pain                           Necromancy                   1
   b - Animate Skeleton               Necromancy                   1
   c - Vampiric Draining              Necromancy                   3
   d - Regeneration                   Charms/Necromancy            3
   e - Animate Dead                   Necromancy                   4
   f - Control Undead                 Necromancy                   4
Comestibles
 c - 5 bread rations
 m - 2 meat rations
 n - 7 fruits
 G - a royal jelly
 J - 11 chunks of flesh


   Skills:
 + Level 5.6 Fighting
 + Level 5.7 Dodging
 - Level 1.7 Stealth
 + Level 5.6 Spellcasting
 + Level 8.0 Necromancy


You had 11 spell levels left.
You knew the following spells:

 Your Spells              Type           Power        Failure   Level  Hunger
a - Pain                  Necr           ####         1%          1    None
b - Animate Skeleton      Necr           N/A          1%          1    None
c - Vampiric Draining     Necr           #####.....   1%          3    ##.....
d - Regeneration          Chrm/Necr      ###.......   6%          3    ##.....


Dungeon Overview and Level Annotations

Branches:
Dungeon (7/15)             Temple (1/1) D:5

Altars:
Ashenzari
Cheibriados
Dithmenos
Elyvilon
Fedhas
Gozag
Hepliaklqana
Makhleb
Nemelex Xobeh
Okawaru
Qazlal
Ru
Sif Muna
Trog
Uskayaw
Yredelemnul
Zin
The Shining One

Annotations:
D:4 Gelerth's ghost, amateur TrBe


Innate Abilities, Weirdness & Mutations

You have a pair of large horns on your head.
You are partially covered in molten scales. (AC +2)
You regenerate a little health from kills.
You are immune to rotting.


Message History

Confirm with . or Enter, or press ? or * to list all spells.
Aiming: Vampiric Draining
Press: ? - help, Shift-Dir - straight line, f - killer bee, p - killer bee
Aim: a killer bee The killer bee is moderately wounded.
You feel life coursing into your body.
* * * LOW HITPOINT WARNING * * *
You feel sick. The killer bee closely misses you.
The killer bee completely misses you. The killer bee closely misses you.
The killer bee stings you!
* * * LOW HITPOINT WARNING * * *
You are more poisoned.
The killer bee poisons you!
Your orc warrior skeleton hits the killer bee with an enchanted long sword.
The killer bee misses you.
It was a potion of curing.
You feel better. The killer bee stings you!
* * * LOW HITPOINT WARNING * * *
The killer bee barely misses you. The killer bee misses you.
The killer bee stings you.
You die...

#.# #.# ##.# #.# ##)######
#.# #.## #.# #.).....# #.####
..# #Z# #..)....# #....## #..
#.# #.......# ##.....####..
#.# #....Z..# #.......##...
#.###.......# #..........#.
#.##.....yyy# #.......####.
###.##.##..y@#####.....#####.
#......##.................)..
#.....###....####.......####.
#.....# #....# #.......# ##
#.....# #....# #.......#
#.....# #....# ##.....##
####### #....# ##...## ######
####


You could see 4 killer bees and a friendly orc warrior skeleton.

Vanquished Creatures
  A sky beast (D:5)
  4 orc warriors
  A phantom (D:6)
  A centaur (D:7)
  A bullfrog (D:6)
  A scorpion (D:6)
  A killer bee (D:7)
  A water moccasin skeleton (D:5)
  A bullfrog zombie (D:7)
  2 jellies
  3 orc priests
  4 hounds
  5 orc wizards
  7 worker ants
  A howler monkey zombie (D:5)
  A river rat (D:5)
  9 adders
  A shadow imp (D:7)
  2 adder zombies
  2 adder skeletons
  4 worms
  3 leopard geckos
  23 orcs
  2 ball pythons
  3 giant cockroaches
  9 goblins
  6 hobgoblins
  5 jackals
  3 quokkas
  7 bats
  7 frilled lizards
  3 kobolds
  A quokka skeleton (D:7)
  5 rats
  A spectral orc (D:4)
  A fungus (D:5)
132 creatures vanquished.

Vanquished Creatures (collateral kills)
  A bullfrog (D:6)
  A bullfrog skeleton (D:5)
  A jackal skeleton (D:4)
  A fungus (D:5)
4 creatures vanquished.

Vanquished Creatures (others)
  The ghost of spinkules the Cleaver, a novice GrBe of Trog (D:6)
  A crimson imp (D:3)
  A worm (D:5)
  2 orcs (D:7)
  2 fungi (D:5)
7 creatures vanquished.

Grand Total: 143 creatures vanquished

Notes
Turn   | Place    | Note
-------+----------+-------------------------------------------
     0 | D:1      | FollowTheCloud the Demonspawn Necromancer began the quest for the Orb.
     0 | D:1      | Reached XP level 1. HP: 13/13 MP: 3/3
   608 | D:1      | Gained mutation: You regenerate a little health from kills. [demonic ancestry]
   608 | D:1      | Reached XP level 2. HP: 12/20 MP: 0/5
  1238 | D:2      | Reached skill level 1 in Fighting
  1335 | D:2      | Reached XP level 3. HP: 21/26 MP: 0/6
  1338 | D:2      | Learned a level 1 spell: Animate Skeleton
  1342 | D:2      | Learned a level 3 spell: Vampiric Draining
  2029 | D:3      | Gained mutation: You are immune to rotting. [demonic ancestry]
  2029 | D:3      | Reached XP level 4. HP: 27/32 MP: 3/7
  2095 | D:3      | Reached skill level 5 in Necromancy
  2744 | D:4      | Gained mutation: You have a pair of small horns on your head. [demonic ancestry]
  2744 | D:4      | Reached XP level 5. HP: 23/38 MP: 9/9
  3063 | D:4      | Found a basalt altar of Yredelemnul.
  3085 | D:4      | Found a blossoming altar of Fedhas.
  3362 | D:4      | Gained mutation: You have a pair of horns on your head. [demonic ancestry]
  3362 | D:4      | Reached XP level 6. HP: 28/46 MP: 4/11
  3592 | D:4      | Noticed Gelerth's ghost (amateur TrBe)
  3772 | D:4      | Learned a level 3 spell: Regeneration
  3780 | D:5      | Entered Level 5 of the Dungeon
  3787 | D:5      | Found a staircase to the Ecumenical Temple.
  3807 | Temple   | Entered the Ecumenical Temple
  4146 | D:5      | Got a transparent hand axe
  4300 | D:5      | Found a glowing silver altar of Zin.
  4304 | D:5      | Noticed a sky beast
  4578 | D:5      | Killed a sky beast
  4578 | D:5      | Reached skill level 6 in Necromancy
  4578 | D:5      | Gained mutation: You are partially covered in molten scales. (AC +2) [demonic ancestry]
  4578 | D:5      | Reached XP level 7. HP: 46/52 MP: 7/12
  5078 | D:6      | Noticed spinkules's ghost (novice GrBe)
  5107 | D:6      | Banished spinkules's ghost
  5352 | D:6      | Reached XP level 8. HP: 53/61 MP: 9/14
  5409 | D:6      | Reached skill level 7 in Necromancy
  5785 | D:6      | Found a hazy altar of Hepliaklqana.
  6065 | D:6      | Reached skill level 5 in Dodging
  6179 | D:6      | Reached skill level 5 in Fighting
  6179 | D:6      | Reached skill level 5 in Spellcasting
  6362 | D:7      | Found a snail-covered altar of Cheibriados.
  6637 | D:7      | Gained mutation: You have a pair of large horns on your head. [demonic ancestry]
  6637 | D:7      | Reached XP level 9. HP: 58/68 MP: 3/17
  6679 | D:7      | Found an opulent altar of Gozag.
  6765 | D:7      | Reached skill level 8 in Necromancy
  6774 | D:7      | HP: 2/68 [killer bee (7)]
  6775 | D:7      | Slain by a killer bee

Skill      XL: |  1  2  3  4  5  6  7  8  9 |
---------------+----------------------------+-----
Dodging        | 2 3 4 5 |  5.7
Fighting       | 1 2 3 4 5 |  5.6
Necromancy     | 5 6 7 8 |  8.0
Spellcasting   | 3 4 5 |  5.6
Stealth        | |  1.7

Action                   |  1- 3 |  4- 6 |  7- 9 || total
-------------------------+-------+-------+-------++-------
Melee: Unarmed           |    12 |       |       ||    12
       Dagger            |     3 |    86 |   104 ||   193
       Headbutt          |       |     6 |    17 ||    23
 Cast: Pain              |    60 |    63 |    87 ||   210
       Animate Skeleton  |     5 |     9 |     7 ||    21
       Vampiric Draining |       |     3 |    15 ||    18
       Regeneration      |       |       |     1 ||     1
  Use: Scroll            |       |       |     1 ||     1
       Potion            |       |       |     1 ||     1
 Stab: Sleeping          |       |     2 |     1 ||     3
       Distracted        |       |     2 |       ||     2
  Eat: Chunk             |     4 |     9 |     7 ||    20
Armor: Robe              |     8 |    16 |    33 ||    57
Dodge: Dodged            |    24 |    53 |   124 ||   201
